 Dungeon Crawl Stone Soup version 0.30-a0-223-gcb0039aa0c (webtiles) character file.

Game seed: 7350191324753155422

205 timneilson the Covered (level 5, -2/33 HPs)
             Began as a Gargoyle Fighter on Oct 9, 2022.
             Slain by a black bear (3 damage)
             ... on level 4 of the Dungeon.
             The game lasted 00:03:34 (2352 turns).

timneilson the Covered (Gargoyle Fighter)           Turns: 2352, Time: 00:03:35

Health: -2/33      AC: 15    Str: 21    XL:     5   Next: 83%
Magic:  5/5        EV:  9    Int:  9    God:
Gold:   130        SH:  4    Dex:  9    Spells: 4/4 levels left

rFire   . . .      SeeInvis .    a - +1 long sword
rCold   . . .      Faith    .    c - +0 buckler
rNeg    + . .      Spirit   .    b - +0 scale mail
rPois   ∞          Reflect  .    (no helmet)
rElec   +          Harm     .    e - +0 cloak
rCorr   .          Rampage  .    g - +2 pair of gloves
Will    .....                    (no boots)
Stlth   ..........               (no amulet)
HPRegen 0.25/turn                (no ring)
MPRegen 0.09/turn                (no ring)

@: no status effects
A: sickness immunity, AC +4, negative energy resistance 1, electricity
resistance, torment resistance 1, petrification resistance
a: no special abilities


You were on level 4 of the Dungeon.
You visited 1 branch of the dungeon, and saw 4 of its levels.

You collected 130 gold pieces.

Inventory:

Hand Weapons
 a - a +1 long sword (weapon)
Armour
 b - a +0 scale mail (worn)
 c - a +0 buckler (worn)
 e - a +0 cloak (worn)
 g - a +2 pair of gloves (worn)
Scrolls
 i - 2 scrolls of enchant weapon
 j - 2 scrolls of poison
Potions
 d - a potion of might
 f - 4 potions of lignification
 h - 2 potions of brilliance
 l - a potion of haste {unknown}
 m - 2 potions of magic


   Skills:
 + Level 4.0 Fighting
 * Level 2.9 Long Blades
 * Level 4.5 Armour
 + Level 1.2 Dodging
 * Level 4.4 Shields


You had 4 spell levels left.
You didn't know any spells.
Your spell library contained the following spells:

 Spells                   Type           Power      Damage    Failure   Level
 Apportation              Tloc           0%         N/A       80%         1
 Necrotise                Necr           0%         1d4       80%         1
 Summon Small Mammal      Summ           0%         N/A       80%         1
 Ensorcelled Hibernation  Hex/Ice        0%         N/A       91%         2
 Spider Form              Tmut/Pois      0%         N/A       99%         3
 Anguish                  Hex/Necr       0%         N/A       100%        4


Dungeon Overview and Level Annotations

Branches:
Dungeon (4/15)
 Temple: D:4-7

Altars:
Yredelemnul


Innate Abilities, Weirdness & Mutations

You are immune to sickness and miasma.
Your stone body is resilient. (AC +4)
You are immune to poison.
You resist negative energy. (rN+)
You are resistant to electric shocks. (rElec)
You are resistant to unholy torment.
You are immune to petrification.


Message History

The black bear claws you but does no damage.
You hit the black bear but do no damage.
The black bear is severely wounded.
The black bear bites you but does no damage.
The black bear claws you but does no damage.
The black bear completely misses you. The black bear closely misses you. x2
The black bear claws you.
You slash the black bear!
The black bear is almost dead.
The black bear goes berserk!
You closely miss the black bear.
The black bear is almost dead.
The black bear bites you!
The black bear claws you but does no damage.
The black bear barely misses you.
The black bear bites you but does no damage.
The black bear closely misses you. The black bear claws you.
You hit the black bear.
The black bear is almost dead.
The black bear closely misses you. You block the black bear's attack. x2
The black bear bites you but does no damage.
The black bear claws you but does no damage.
The black bear claws you.
You barely miss the black bear.
The black bear is almost dead.
The black bear bites you but does no damage.
The black bear claws you but does no damage.
The black bear closely misses you. The black bear bites you!
* * * LOW HITPOINT WARNING * * *
The black bear claws you but does no damage.
The black bear barely misses you.
You hit the black bear.
The black bear is almost dead.
The black bear bites you.
* * * LOW HITPOINT WARNING * * *
The black bear claws you.
* * * LOW HITPOINT WARNING * * *
The black bear claws you but does no damage.
The black bear barely misses you. The black bear claws you.
You die...

#.# # ... . ####.#.#
.# ......##.
#...#... ####......
......#.#.#
#....#@#.#
#....#h#.#
#....#g#.##
#...g.....#
.###....#..#
#........#..#
.............#####.#
#..##..............#
...........#.######


You could see a black bear (berserk) and a hobgoblin.

Vanquished Creatures
  A necrophage (D:4)
  A hound (D:3)
  4 gnolls (D:3)
  2 adders (D:2)
  A dart slug (D:1)
  2 orcs (D:3)
  6 bats
  7 endoplasms
  4 goblins
  10 hobgoblins
  A quokka (D:1)
  3 ball pythons
  3 frilled lizards
  6 kobolds
  7 rats
58 creatures vanquished.

Notes
Turn   | Place    | Note
-------+----------+-------------------------------------------
     0 | D:1      | timneilson the Gargoyle Fighter began the quest for the
                  | Orb.
     0 | D:1      | Reached XP level 1. HP: 14/14 MP: 1/1
   290 | D:1      | Reached XP level 2. HP: 16/19 MP: 2/2
   479 | D:1      | Reached XP level 3. HP: 21/23 MP: 3/3
   538 | D:1      | Found a faded altar of an unknown god.
  1642 | D:2      | Reached XP level 4. HP: 26/28 MP: 4/4
  1777 | D:3      | Found a basalt altar of Yredelemnul.
  1969 | D:3      | Reached skill level 1 in Dodging
  1969 | D:3      | Reached XP level 5. HP: 28/33 MP: 5/5
  2333 | D:4      | Noticed a black bear
  2352 | D:4      | HP: 1/33 [black bear (2)]
  2352 | D:4      | Slain by a black bear

Illustrated notes

Levels and vault maps discovered:
D:1:      dpeg_arrival_leaves_temple_mockup, layout_basic,
          ebering_ecumenical_altar_hall, nicolae_kite_square_tiling_tiny,
          st_stairs_8
D:2:      layout_basic
D:3:      layout_rooms, mainiacjoe_overflow_alcove_1, kennysheep_nondescript
D:4:      minmay_polygon_palace, layout_basic, minmay_manual_moon

Skill      XL: |  1  2  3  4  5 |
---------------+----------------+-----
Long Blades    | 2 |  2.9
Armour         | 4 |  4.5
Shields        | 4 |  4.4
Dodging        | 1 |  1.2
Fighting       | 4 |  4.0

Action                   |  1- 3 |  4- 6 || total
-------------------------+-------+-------++-------
Melee: Long sword        |   145 |    98 ||   243
  Use: Scroll            |     9 |     3 ||    12
Armor: Scale mail        |   116 |   110 ||   226
Dodge: Dodged            |    77 |    62 ||   139
Block: Buckler           |    49 |    38 ||    87

Table legend: (Time is in decaauts)
 A = Elapsed time spent in this place.
 B = Non-inter-level travel time spent in this place.
 C = Inter-level travel time spent in this place.
 D = Time resting spent in this place.
 E = Time spent auto-exploring this place.
 F = Levels seen in this place.
 G = Mean time per level.
                   A        B        C        D        E       F      G
               +--------+--------+--------+--------+--------+-----+--------+
         Total |   2431 |   2345 |     86 |      0 |   1784 |   4 |  607.8 |
       Dungeon |   2431 |   2345 |     86 |      0 |   1784 |   4 |  607.8 |
               +--------+--------+--------+--------+--------+-----+--------+

Top non-repeatable levels by time:
     D:1: 1054 daAuts
     D:3: 631 daAuts
     D:2: 621 daAuts
     D:4: 124 daAuts
